Map: Frost LE

Players

IIIIIIIIIIII

  • Race: Zerg Zerg
  • League: Master

llllllllllll - Winner!

  • Race: Protoss Protoss
  • League: Diamond

VOD

Have the link to the VOD?

Description

Time

  • Played on: Aug. 8, 2016, 11:57 p.m.
  • Length: 12:30
Show
View Real Time Build Order
Export as new Build Order

IIIIIIIIIIII Zerg 

Build Orders: Pool First 

Get SALT Encoding   

  12  0:01  Drone  
  13  0:15  Extractor  
  12  0:26  Spawning Pool  
  11  0:29  Drone  
  11  0:34  Drone  
  13  0:40  Drone  
  14  0:50  Overlord  
  14  1:14  Zergling x6  
  17  1:20  Metabolic Boost  
  17  1:26  Queen  
  17  1:31  Zergling x2  
  20  1:39  Zergling x2  
  21  1:49  Zergling x2  
  22  1:58  Overlord  
  22  2:21  Hatchery  
  21  2:25  Zergling x4  
  22  2:33  Zergling x6  
  22  2:34  Zergling x2  
  26  2:48  Zergling x2  
  25  3:01  Zergling x2  
  24  3:18  Zergling x6, Evolution Chamber  
  24  3:19  Zergling x2  
  27  3:33  Zergling x2  
  28  3:37  Zergling x2  
  29  3:42  Overlord  
  29  3:43  Zergling x6  
  29  3:44  Zergling x2  
  33  3:56  Zergling x4  
  26  4:10  Zergling x2  
  26  4:11  Zergling x2  
  28  4:17  Zergling x2  
  28  4:18  Zergling x6  
  32  4:28  Zergling x4  
  34  4:39  Pneumatized Carapace  
  34  4:49  Zergling x2  
  35  5:09  Zergling x8  
  39  5:27  Zergling x2  
  39  5:28  Zergling x4  
  37  6:08  Zergling x2  
  37  6:09  Zergling x12  
  42  6:37  Zergling x2  
  20  7:27  Queen x2  
  20  7:28  Drone  
  20  7:29  Drone x5  
  30  7:44  Drone x2  
  32  7:46  Extractor  
  32  7:48  Spore Crawler  
  32  7:50  Spore Crawler  
  13  8:23  Spore Crawler  
  13  8:26  Drone x4  
  16  8:27  Spore Crawler  
Show
View Real Time Build Order
Export as new Build Order

llllllllllll Protoss - Winner!

Build Orders:  

Get SALT Encoding   

  12  0:01  Probe (Chrono Boost)  
  13  0:11  Probe (Chrono Boost)  
  14  0:21  Pylon  
  14  0:24  Probe (Chrono Boost)  
  15  0:39  Probe (Chrono Boost)  
  16  0:43  Gateway  
  17  0:50  Probe (Chrono Boost)  
  17  0:51  Assimilator  
  17  0:56  Assimilator  
  17  1:06  Probe (Chrono Boost)  
  18  1:16  Probe (Chrono Boost)  
  19  1:27  Probe (Chrono Boost)  
  20  1:43  Forge  
  20  1:48  Pylon  
  20  1:52  Zealot  
  20  2:00  Probe (Chrono Boost)  
  22  2:03  Cybernetics Core  
  22  2:05  Pylon  
  22  2:15  Probe (Chrono Boost)  
  23  2:19  Photon Cannon  
  23  2:29  Photon Cannon  
  23  2:35  Probe (Chrono Boost)  
  24  2:47  Probe (Chrono Boost)  
  24  2:50  Pylon  
  23  3:10  Probe (Chrono Boost)  
  24  3:20  Photon Cannon  
  24  3:25  Pylon  
  24  3:26  Pylon, Zealot  
  26  3:47  Stargate  
  26  3:50  Stargate  
  24  4:14  Nexus  
  24  4:18  Assimilator  
  24  4:24  Probe (Chrono Boost)  
  25  4:29  Photon Cannon  
  25  4:32  Oracle  
  28  4:40  Oracle  
  31  4:48  Pylon  
  32  4:54  Probe (Chrono Boost)  
  32  5:06  Stargate  
  32  5:11  Oracle  
  36  5:21  Probe (Chrono Boost)  
  36  5:26  Probe (Chrono Boost)  
  37  5:32  Oracle  
  37  5:33  Probe (Chrono Boost)  
  41  5:37  Probe (Chrono Boost)  
  42  5:45  Probe (Chrono Boost)  
  42  5:48  Probe (Chrono Boost)  
  42  5:49  Oracle  
  42  6:14  Oracle x2  
  42  6:18  Photon Cannon  
  48  6:21  Photon Cannon  
  49  6:26  Probe (Chrono Boost)  
  49  6:32  Probe (Chrono Boost)  
  50  6:36  Assimilator  
  50  6:38  Probe (Chrono Boost)  
  51  6:43  Probe (Chrono Boost)  
  52  6:50  Probe (Chrono Boost)  
  52  6:52  Phoenix x2  
  57  7:17  Phoenix  
  57  7:19  Phoenix  
  61  7:27  Pylon  
  61  7:32  Pylon  
  61  7:35  Pylon  
  62  7:44  Probe (Chrono Boost)  
  62  7:45  Phoenix, Probe (Chrono Boost)  
  65  7:56  Probe x2 (Chrono Boost)  
  67  8:06  Probe (Chrono Boost)  
  67  8:08  Probe (Chrono Boost)  
  69  8:17  Probe (Chrono Boost)  
  71  8:20  Probe (Chrono Boost)  
  71  8:46  Phoenix x3  
  77  8:53  Probe (Chrono Boost)  
  78  8:58  Probe (Chrono Boost)  
  79  9:03  Probe (Chrono Boost)  
  81  9:10  Probe (Chrono Boost)  
  81  9:15  Pylon  
  81  9:32  Nexus  
  81  9:34  Pylon  
  81  9:55  Void Ray x2  
  81  9:56  Void Ray  
  93  10:21  Pylon  
  93  10:23  Pylon  
  93  10:25  Pylon  
  93  10:27  Pylon  
  93  10:28  Pylon  
  93  10:38  Void Ray x2  
  93  10:39  Void Ray  
  107  10:58  Mothership Core (Chrono Boost)  
  107  10:59  Photon Cannon  
  107  11:00  Photon Cannon  
  107  11:02  Photon Cannon  
  107  11:03  Pylon  
  107  11:07  Photon Cannon  
  108  11:11  Probe (Chrono Boost)  
  108  11:21  Void Ray x2  
  108  11:22  Void Ray, Probe (Chrono Boost)  
  121  11:44  Probe (Chrono Boost)  
  122  11:55  Probe (Chrono Boost)  
  122  11:56  Assimilator  
  122  11:57  Assimilator  
  123  12:05  Probe (Chrono Boost)  
Tags
 
Add a new tag
Caveats
  • Supply blocks, unpowered buildings, or Contaminate may cause inaccurate times.
  • Supply counts are checked every 10 seconds.